AoeStats
← .ebz

Black Forest

509850558Analyzed
4v4 RM · 5d ago on Sep 28, 2026· 27m 52s· 8 players
Game mode
Random Map
Map size
Large (8 player)
Population
200
Speed
Normal
Resources
Standard
Victory
Conquest
Starting age
Dark Age
Ending age
Imperial Age
RankedLock teamsTeams togetherTeam positionsShared explorationLock speedFull tech treeHidden civsTurbo modeCheats
Victory
Defeat
🇳🇱 Bohemians · Netherlands
1152
+16
🇪🇸 Romans · Spain
1112
+18
🇵🇱 Bulgarians · Poland
1091
+18
🇳🇱 Burgundians · Netherlands
1082
+19
🇦🇺 Ethiopians · Australia
1165
-18
🇦🇺 Khmer · Australia
1149
-18
🇦🇺 Hindustanis · Australia
1144
-18
🇯🇵 Persians · Japan
1123
-17
Mameluco adbuser
0:26 Loom
11:27 Feudal Age
15:33 Castle Age
14:08 Double-Bit Axe
14:38 Horse Collar
18:37 Man-at-Arms
20:08 Long Swordsman
23:21 Scale Mail Armor
prsdntsdghtr
1:55 Loom
11:00 Feudal Age
16:06 Castle Age
13:55 Double-Bit Axe
17:07 Horse Collar
23:09 Wheelbarrow
23:15 Cavalier
26:50 Heavy Plow
27:46 Hand Cart
27:24 Gold Mining
.ebz
0:46 Loom
11:03 Feudal Age
11:52 Double-Bit Axe
12:48 Horse Collar
13:47 Forging
13:37 Scale Mail Armor
15:26 Town Watch
24:20 Castle Age
24:42 Fletching
27:15 Bow Saw
28:22 Wheelbarrow
BlandToaster625
11:26 Feudal Age
12:18 Double-Bit Axe
14:58 Castle Age
13:35 Horse Collar
17:14 Chemistry
19:36 Padded Archer Armor
NATARU
6:00 Loom
11:01 Feudal Age
12:27 Wheelbarrow
15:04 Castle Age
13:38 Double-Bit Axe
17:59 Horse Collar
20:00 Bow Saw
22:07 Scale Barding Armor
26:01 Chain Barding Armor
26:34 Forging
28:22 Iron Casting
27:50 Husbandry
28:08 Bloodlines
27:59 Husbandry
Mr. Takoyaki-san
0:25 Loom
13:02 Feudal Age
16:57 Castle Age
17:58 Double-Bit Axe
27:50 Wheelbarrow
c r v w l e y
1:13 Loom
11:03 Feudal Age
14:37 Castle Age
13:12 Double-Bit Axe
13:40 Horse Collar
15:49 Bow Saw
20:18 Heavy Plow
21:07 Wheelbarrow
24:02 Elite Skirmisher
ants
0:32 Loom
14:20 Feudal Age
14:42 Man-at-Arms
25:05 Castle Age
Connection lost

Rejoining the realm…

Still unreachable

The connection could not be restored.

Session expired

The server has moved on; the page needs a fresh start.